 Dungeon Crawl Stone Soup version 0.27.1-34-g3ba077fa99 (webtiles) character file.

Game seed: 12117883110265059943

7553 vvl the Grappler (level 10, -5/84 HPs)
             Began as a Black Draconian Transmuter on Jan 21, 2022.
             Killed from afar by Erica (28 damage)
             ... with a bolt of poison
             ... on level 2 of the Lair of Beasts.
             The game lasted 00:23:27 (10490 turns).

vvl the Grappler (Black Draconian Transmuter)      Turns: 10490, Time: 00:23:29

Health: -5/84      AC: 10    Str: 16    XL:     10   Next: 96%
Magic:  18/18      EV: 18    Int: 13    God:
Gold:   409        SH:  0    Dex: 12    Spells: 15/20 levels left

rFire    . . .     SeeInvis .   k - +0 dagger (venom)
rCold    . . .     Faith    .   (no shield)
rNeg     + . .     Spirit   .   (armour unavailable)
rPois    .         Reflect  .   (helmet currently unavailable)
rElec    +         Harm     .   (no cloak)
rCorr    .         Rampage  .   e - +2 pair of gloves
Will     .....                  (boots currently unavailable)
Stlth    ++........             F - amulet of regeneration
HPRegen  1.24/turn              R - ring of Wisdom {rN+ Slay+3 Stlth+}
MPRegen  0.16/turn              v - +4 ring of evasion

@: lethally poisoned (-5 -> -24), appendages
A: horns 2, talons 2, breathe lightning, AC +7, unfitting armour, electricity
resistance, cold-blooded
a: Breathe Lightning, End Transformation


You were on level 2 of the Lair of Beasts.
You had temporarily grown beastly horns and talons.
You visited 3 branches of the dungeon, and saw 11 of its levels.

You collected 409 gold pieces.

Inventory:

Hand Weapons
 f - a +0 spear of freezing
 g - a +3 spear of flaming
 k - a +0 dagger of venom (weapon)
 t - a +2 scythe of draining
 L - a +0 halberd of venom
Missiles
 o - 43 bolts
 H - 2 throwing nets
Armour
 e - a +2 pair of gloves (worn)
 D - a +0 pair of boots (melded)
Magical Staves
 p - a staff of cold
 r - a staff of fire
 K - a staff of conjuration
Jewellery
 i - an amulet of magic regeneration
 s - a ring of willpower
 v - a +4 ring of evasion (right hand)
 F - an amulet of regeneration (around neck)
 O - a ring of protection from fire
 R - the ring of Wisdom (left hand) {rN+ Slay+3 Stlth+}
   (You found it on level 7 of the Dungeon)

   [ring of positive energy]

   Slay:      It affects your accuracy & damage with ranged weapons and melee
   (+3).
   rN:        It protects you from negative energy.
   Stlth:     It makes you more stealthy.
Wands
 j - a wand of digging (5) (quivered)
 n - a wand of mindburst (9)
 M - a wand of iceblast (5)
 N - a wand of flame (19)
Scrolls
 a - 5 scrolls of teleportation {unknown}
 c - a scroll of brand weapon {unknown}
 h - 3 scrolls of enchant armour {unknown}
 l - a scroll of enchant weapon {unknown}
 m - 7 scrolls of identify {unknown}
 q - a scroll of blinking {unknown}
 y - a scroll of amnesia {unknown}
 B - a scroll of noise {unknown}
 C - a scroll of fog {unknown}
 E - 2 scrolls of vulnerability {unknown}
 I - a scroll of fear {unknown}
 J - a scroll of acquirement {unknown}
Potions
 b - a potion of haste
 d - 2 potions of lignification {unknown}
 u - 6 potions of curing
 w - 2 potions of heal wounds {unknown}
 x - a potion of magic {unknown}
 z - 6 potions of brilliance {unknown}
 A - 2 potions of resistance {unknown}
 G - 2 potions of mutation {unknown}
 P - a potion of flight {unknown}
 Q - 2 potions of might {unknown}
 S - a potion of cancellation {unknown}


   Skills:
 + Level 6.8 Fighting
 + Level 5.8 Dodging
 * Level 9.3 Unarmed Combat
 + Level 5.9 Spellcasting
 + Level 8.6 Transmutations
 - Level 5.0 Ice Magic


You had 15 spell levels left.
You knew the following spells:

 Your Spells              Type           Power      Damage    Failure   Level
a - Beastly Appendage     Tmut           52%        N/A       1%          1
b - Ice Form              Ice/Tmut       21%        N/A       10%         4

Your spell library contained the following spells:

 Spells                   Type           Power      Damage    Failure   Level
 Wereblood                Tmut           26%        N/A       1%          2
 Sting                    Tmut/Pois      60%        1d6       2%          1
 Spider Form              Tmut/Pois      7%         N/A       9%          3
 Magic Dart               Conj           12%        1d3       17%         1
 Sandblast                Erth           6%         2d5       17%         1
 Blink                    Tloc           N/A        N/A       26%         2
 Dazzling Flash           Conj/Hex       6%         N/A       45%         3
 Inner Flame              Hex/Fire       3%         N/A       45%         3
 Cause Fear               Hex            1%         N/A       86%         4
 Iskenderun's Mystic Bla  Conj/Tloc      3%         2d3       86%         4
 Manifold Assault         Tloc           3%         N/A       99%         5
 Starburst                Conj/Fire      1%         6d3       100%        6
 Storm Form               Tmut/Air       7%         N/A       100%        7
 Discord                  Hex            1%         N/A       100%        8


Dungeon Overview and Level Annotations

Branches:
Dungeon (8/15)             Temple (1/1) D:4            Lair (2/6) D:8
  Swamp: Lair:2-4    Shoals: Lair:2-4     Snake: Lair:2-4    Spider: Lair:2-4

Altars:
Ashenzari
Cheibriados
Dithmenos
Elyvilon
Fedhas
Gozag
Hepliaklqana
Kikubaaqudgha
Makhleb
Nemelex Xobeh
Okawaru
Qazlal
Ru
Sif Muna
Trog
Uskayaw
Vehumet
Wu Jian
Yredelemnul
Zin
The Shining One

Shops:
D:4 :

Annotations:
Lair:1 3 runed translucent doors, Ekaitz's ghost, novice DsWz
Lair:2 Erica


Innate Abilities, Weirdness & Mutations

You have temporarily grown beastly horns and talons.
You can breathe wild blasts of lightning.
Your glossy black scales are hard. (AC +7)
You cannot fit into any form of body armour.
You are resistant to electric shocks. (rElec)
You are cold-blooded and may be slowed by cold attacks.


Message History

You hit Erica but do no damage. You claw Erica.
You headbutt Erica, but do no damage.
Erica is lightly wounded.
Erica points at you and mumbles some strange words.
You resist with significant effort.
You completely miss Erica. You headbutt Erica.
You tail-slap Erica, but do no damage.
Erica is moderately wounded.
Erica hits you with a +3 scimitar of flaming!
Erica burns you.
You hit Erica. Your kick misses Erica.
Erica is moderately wounded.
Erica hits you but does no damage.
You barely miss Erica.
Erica is moderately wounded.
Erica gestures wildly while chanting.
Erica flickers and vanishes!
Deactivating autopickup; reactivate with Ctrl-A.
No target in view!
You hit something but do no damage. Your kick misses something.
Something hits you. Something burns you.
You closely miss something. Your kick misses something.
Your headbutt misses something.
You hear some strange, mumbled words.
A lance of force appears from out of thin air!
The lance of force hits you!!
You are knocked back by the lance of force.
You hit something. Your kick misses something. You tail-slap something.
You hear some strange, mumbled words.
A bolt of poison appears from out of thin air!
The bolt of poison hits you!
You are poisoned.
* * * LOW HITPOINT WARNING * * *
You miss something. You claw something.
You feel very sick.
You hear some strange, mumbled words.
A bolt of poison appears from out of thin air!
The bolt of poison hits you!!
You are more poisoned.
You die...

###### ########
###.##.####P...#.#... ##.#
.................... ....
..#...##........... .....
####P...#....P###P+##.....
#......##>...P###P.#......
......##.................
........P.....#...........
#............#..@{..#
##..###.P....##.....# ###
#......#.....##
.........#....#
..........######
.<.......## .......... ..#


There were no monsters in sight!

Vanquished Creatures
  3 death yaks (D:8)
  A manticore (D:8)
  A rime drake (Lair:1)
  A polar bear (Lair:1)
  Sigmund (D:4)
  A wyvern (D:7)
  7 yaks
  Eustachio (D:4)
  A steam dragon (D:7)
  An acid dragon (D:8)
  A water moccasin (Lair:1)
  Duvessa (D:5)
  A black bear (D:7)
  2 orc warriors (D:8)
  3 ice beasts
  A sky beast (D:5)
  3 necrophages
  3 centaurs
  A phantom (D:5)
  5 bullfrogs
  2 gnoll sergeants
  4 scorpions
  2 wyvern zombies
  Dowan (D:5)
  A wyvern skeleton (D:7)
  3 hounds
  A centaur zombie (D:7)
  An orc priest (D:6)
  2 bullfrog skeletons
  2 centaur skeletons (D:7)
  Ijyb (D:5)
  3 hell rats (D:8)
  2 iguanas
  9 orc wizards
  A howler monkey zombie (D:8)
  12 gnolls
  3 adders
  2 river rats (D:8)
  A white imp (D:8)
  An ufetubus (D:5)
  An adder skeleton (D:4)
  4 worms
  2 dart slugs
  22 orcs
  9 ball pythons
  7 endoplasms
  A giant cockroach (D:1)
  6 goblins
  6 hobgoblins
  4 jackals (D:1)
  7 kobolds
  9 quokkas
  A bat (D:3)
  3 frilled lizards
  4 rats
179 creatures vanquished.

Vanquished Creatures (others)
  2 plants (Lair:1)
2 creatures vanquished.

Grand Total: 181 creatures vanquished

Notes
Turn   | Place    | Note
-------+----------+-------------------------------------------
     0 | D:1      | vvl the Draconian Transmuter began the quest for the Orb.
     0 | D:1      | Reached XP level 1. HP: 16/16 MP: 3/3
   409 | D:1      | Reached XP level 2. HP: 23/23 MP: 3/5
   713 | D:1      | Got An Introduction to Spellcraft
  1130 | D:2      | Reached XP level 3. HP: 25/28 MP: 4/6
  1718 | D:2      | Reached XP level 4. HP: 36/36 MP: 5/7
  1739 | D:2      | Found a faded altar of an unknown god.
  1786 | D:2      | Found a shimmering blue altar of Sif Muna.
  2348 | D:3      | Noticed a scorpion
  2364 | D:3      | Killed a scorpion
  2365 | D:3      | Reached skill level 1 in Ice Magic
  2365 | D:3      | Reached XP level 5. HP: 29/41 MP: 6/8
  2667 | D:3      | Reached skill level 4 in Unarmed Combat
  3427 | D:4      | Found Zuusuohix's Book Emporium.
  3458 | D:4      | Reached XP level 6. HP: 48/49 MP: 8/10
  3532 | D:4      | Noticed Sigmund
  3543 | D:4      | Killed Sigmund
  3545 | D:4      | Found a faded altar of an unknown god.
  3545 | D:4      | Found a hazy altar of Hepliaklqana.
  3635 | D:4      | Found a staircase to the Ecumenical Temple.
  3839 | D:4      | Your scales start taking on a glossy black colour.
  3839 | D:4      | Reached XP level 7. HP: 30/56 MP: 11/11
  3839 | D:4      | Gained mutation: You are resistant to electric shocks.
                  | (rElec) [Black Draconian growth]
  4514 | D:4      | Reached skill level 5 in Unarmed Combat
  4766 | Temple   | Entered the Ecumenical Temple
  5026 | D:5      | Entered Level 5 of the Dungeon
  5039 | D:5      | Noticed Ijyb
  5071 | D:5      | Killed Ijyb
  5247 | D:5      | Reached skill level 5 in Transmutations
  5274 | D:5      | Noticed Eustachio
  5287 | D:5      | Noticed Duvessa
  5296 | D:5      | Noticed Dowan
  5304 | D:5      | Reached XP level 8. HP: 57/63 MP: 13/13
  5836 | D:4      | Killed Eustachio
  6191 | D:5      | Killed Duvessa
  6200 | D:5      | Killed Dowan
  6201 | D:5      | Reached skill level 6 in Unarmed Combat
  7556 | D:7      | Reached XP level 9. HP: 70/72 MP: 15/15
  7774 | D:7      | Reached skill level 7 in Unarmed Combat
  7949 | D:7      | Reached skill level 5 in Fighting
  8301 | D:7      | Identified the ring of Wisdom {rN+ Slay+3 Stlth+}
  8402 | D:7      | Learned a level 4 spell: Ice Form
  8509 | D:8      | Noticed a manticore
  8532 | D:8      | Killed a manticore
  8726 | D:8      | Noticed a death yak
  8729 | D:8      | Noticed a death yak
  8731 | D:8      | Noticed a death yak
  8738 | D:8      | Killed a death yak
  8739 | D:8      | Reached skill level 8 in Unarmed Combat
  8739 | D:8      | Reached skill level 5 in Spellcasting
  8739 | D:8      | Reached XP level 10. HP: 51/82 MP: 12/17
  8746 | D:8      | Killed a death yak
  8747 | D:8      | Reached skill level 5 in Dodging
  8750 | D:8      | Killed a death yak
  8751 | D:8      | Reached skill level 5 in Ice Magic
  8751 | D:8      | Found a staircase to the Lair.
  9536 | D:8      | Noticed a seven-headed hydra
  9825 | Lair:1   | Entered Level 1 of the Lair of Beasts
 10073 | Lair:1   | Reached skill level 9 in Unarmed Combat
 10108 | Lair:1   | Found a runed translucent gate.
 10108 | Lair:1   | Found a runed translucent gate.
 10108 | Lair:1   | Found a runed translucent gate.
 10111 | Lair:1   | Noticed Ekaitz's ghost (novice DsWz)
 10111 | Lair:1   | Noticed an 11-headed hydra
 10474 | Lair:2   | Noticed Erica
 10490 | Lair:2   | Killed from afar by Erica

Illustrated notes

Levels and vault maps discovered:
D:1:      eino_arrival_tree_alley, layout_basic, hangedman_decor_points,
          chequers_garden
D:2:      layout_loops_ring, basic_altar, basic_ecumenical_altar,
          serial_bayou_lagoon_b
D:3:      minmay_door_path, layout_rooms, grunt_decor_arrowhead
D:4:      layout_basic, beargit_hepliaklqana_dungeon_heroes,
          lemuel_temple_firewalk_b, serial_shops, shop
D:5:      layout_rooms, uniq_ijyb, uniq_duvessa, uniq_eustachio
D:6:      layout_cave_pools, kennysheep_generic_room_6
D:7:      layout_loops_corners, minivault_1, minmay_a_box_with_orc_wizards_in_it
D:8:      kennysheep_spiral_hall, layout_cave_pods, dpeg_lair_monsters,
          lightli_corner_chamber
Temple:   regret_index_temple_chain_breaker
Lair:1:   layout_gridlike, gammafunk_ghost_hydra_chop
Lair:2:   layout_regular_city, guppyfry_snake_entry_island, minivault_25,
          grunt_megastairs_1, uniq_erica

Skill      XL: |  1  2  3  4  5  6  7  8  9 10 |
---------------+-------------------------------+-----
Dodging        | 2 3 4 5 |  5.8
Transmutations | 3 4 5 6 7 8 |  8.6
Fighting       | 2 3 4 5 6 |  6.8
Ice Magic      | 1 2 3 4 5 |  5.0
Unarmed Combat | 4 5 6 8 9 |  9.3
Spellcasting   | 3 4 5 |  5.9

Action                   |  1- 3 |  4- 6 |  7- 9 | 10-12 || total
-------------------------+-------+-------+-------+-------++-------
Melee: Unarmed           |    71 |       |     8 |    42 ||   121
       Kick              |    10 |    17 |   108 |    32 ||   167
       Tailslap          |     7 |     5 |    52 |    16 ||    80
       Headbutt          |    11 |    12 |    61 |    21 ||   105
       Punch             |     1 |       |     7 |    11 ||    19
       Spear             |     4 |   144 |    62 |       ||   210
       Dagger            |       |       |   321 |    88 ||   409
 Cast: Beastly Appendage |    13 |    29 |    37 |    10 ||    89
       Ice Form          |       |       |     1 |     4 ||     5
 Abil: Breathe Lightning |       |       |    11 |       ||    11
Evoke: Wand              |       |       |     2 |     1 ||     3
  Use: Potion            |       |       |     1 |       ||     1
 Stab: Sleeping          |       |     1 |       |       ||     1
Armor: Skin              |    19 |    34 |   139 |    49 ||   241
Dodge: Dodged            |    42 |    70 |   374 |   127 ||   613
